 Dungeon Crawl Stone Soup version 0.30.0-13-g156ef70053 (webtiles) character file.

Game seed: 5805104818879998509

79 GigaChad the Covered (level 4, -9/40 HPs)
             Began as an Armataur Fighter on May 17, 2023.
             Mangled by a gnoll
             ... wielding a +0 flail
              (11 damage)
             ... on level 2 of the Dungeon.
             The game lasted 00:00:54 (1092 turns).

GigaChad the Covered (Armataur Fighter)             Turns: 1092, Time: 00:00:55

Health: -9/40      AC:  7    Str: 23    XL:     4   Next: 16%
Magic:  4/4        EV:  7    Int:  9    God:
Gold:   99         SH:  5    Dex:  9    Spells: 3/3 levels left

rFire   . . .        a - +0 war axe
rCold   . . .        c - +1 buckler
rNeg    . . .        b - +0 scale mail
rPois   .            (no helmet)
rElec   .            (no cloak)
rCorr   .            (no gloves)
SInv    .            (no barding)
Will    .....        (no amulet) Stlth
                     (no ring)
HPRegen 0.26/turn    (no ring)
MPRegen 0.09/turn

%: roll
@: no status effects
A: large, rugged brown scales 3, deformed body, armoured tail, roll, long
tongue, awkward tongue
a: no special abilities


You were on level 2 of the Dungeon.
You visited 1 branch of the dungeon, and saw 2 of its levels.

You collected 99 gold pieces.

Inventory:

Hand Weapons
 a - a +0 war axe (weapon)
Armour
 b - a +0 scale mail (worn)
 c - a +1 buckler (worn)
Scrolls
 e - a scroll of brand weapon {unknown}
 f - a scroll of blinking
 g - a scroll of silence {unknown}
 j - a scroll of poison {unknown}
 k - a scroll of identify
 l - a scroll of noise {unknown}
Potions
 d - a potion of might
 h - a potion of curing {unknown}
 i - 2 potions of flight {unknown}


   Skills:
 * Level 3.3 Fighting
 * Level 2.4 Axes
 * Level 4.2 Armour
 * Level 3.7 Shields


You had 3 spell levels left.
You didn't know any spells.
Your spell library contained the following spells:

 Spells                   Type           Power      Damage    Failure   Level
 Kiss of Death            Conj/Necr      0%         2d5       77%         1
 Confusing Touch          Hex            0%         N/A       98%         3
 Dispel Undead            Necr           0%         3d6       100%        4


Dungeon Overview and Level Annotations

Branches:
Dungeon (2/15)

Altars:
Kikubaaqudgha


Innate Abilities, Weirdness & Mutations

You are completely covered in rugged brown scales. (AC +3, +7% HP)
Armour fits poorly on your strangely shaped body.
You have a long armoured tail.
You roll when moving toward enemies. (Rampage)
Your long tongue fully drains potion bottles. (2x potion effects)
Your tongue gives you trouble enunciating. (1.5x scroll delay)


Message History

You hit the gnoll.
The gnoll is moderately wounded.
Unknown command.
You completely miss the gnoll.
An adder comes into view.
The gnoll hits you from afar with a +0 spear.
The gnoll hits you with a +0 whip.
The adder moves out of view.
Unknown command.
You slash the gnoll!
You kill the gnoll!
The gnoll hits you from afar with a +0 spear.
You barely miss the gnoll.
The gnoll is moderately wounded.
The adder hisses angrily.
The gnoll hits you but does no damage. The gnoll barely misses you.
The gnoll hits you from afar with a +0 spear.
The gnoll hits you with a +0 flail.
Unknown command.
You barely miss the gnoll.
The gnoll is moderately wounded.
The gnoll hits you with a +0 flail! The gnoll hits you but does no damage.
You barely miss the gnoll.
The gnoll is moderately wounded.
The gnoll hits you with a +0 flail!
The gnoll hits you from afar with a +0 spear.
* * * LOW HITPOINT WARNING * * *
The gnoll hits you from afar with a +0 spear.
* * * LOW HITPOINT WARNING * * *
You block the gnoll's attack.
You are too injured to fight recklessly!
Unknown command.
Unknown command.
You are too injured to fight recklessly!
Unknown command.
You hit the gnoll but do no damage.
Your tail-slap misses the gnoll.
The gnoll is moderately wounded.
The gnoll hits you from afar with a +0 spear.
* * * LOW HITPOINT WARNING * * *
The gnoll hits you with a +0 flail!
You die... #........ ....... #. ...... #. ..... .. #S.. . #gg

#. #g# #.##@# #
#....#.#
###....#
###.....##
#.....#.#
######...###..#
#.......## #.#
#.......# .#
#..._.....
###.......# ...
.........


You could see 3 gnolls and an adder.

Vanquished Creatures
  3 adders (D:2)
  A gnoll (D:2)
  3 dart slugs (D:1)
  A bat (D:1)
  3 endoplasms
  A giant cockroach (D:1)
  2 goblins (D:2)
  3 hobgoblins (D:1)
  6 jackals
  4 kobolds
  2 quokkas
  A ball python (D:2)
  2 frilled lizards
  A rat (D:2)
33 creatures vanquished.

Notes
Turn   | Place    | Note
-------+----------+-------------------------------------------
     0 | D:1      | GigaChad the Armataur Fighter began the quest for the Orb.
     0 | D:1      | Reached XP level 1. HP: 19/19 MP: 1/1
   328 | D:1      | Reached XP level 2. HP: 27/27 MP: 2/2
   356 | D:1      | Found a faded altar of an unknown god.
   791 | D:1      | Reached skill level 4 in Armour
   904 | D:2      | Reached XP level 3. HP: 32/33 MP: 3/3
  1006 | D:2      | Found an ancient bone altar of Kikubaaqudgha.
  1043 | D:2      | Reached XP level 4. HP: 39/40 MP: 4/4
  1092 | D:2      | HP: 2/40 [gnoll/+0 spear (3)]
  1092 | D:2      | Mangled by a gnoll

Illustrated notes

Levels and vault maps discovered:
D:1:      lightli_arrival_boilingwater, layout_loops_corners,
          hellmonk_ecumenical_altar_inner_sanctum, serial_forest,
          infiniplex_forest_straight_3, infiniplex_forest_lined_room_3,
          infiniplex_forest_lined_corner, infiniplex_forest_lined_corner,
          minmay_distorted
D:2:      layout_rooms, basic_altar

Skill      XL: |  1  2  3 |
---------------+----------+-----
Fighting       | 3 |  3.3
Armour         | 4 |  4.2
Axes           | 2 |  2.4
Shields        | |  3.7

Action                     |  1- 3 |  4- 6 || total
---------------------------+-------+-------++-------
  Melee: War axe           |    67 |    10 ||    77
         Tailslap          |     3 |     1 ||     4
    Use: Scroll            |     3 |       ||     3
 Armour: Scale mail        |    67 |     3 ||    70
  Dodge: Dodged            |    22 |     2 ||    24
  Block: Buckler           |    23 |     1 ||    24
